 Dungeon Crawl Stone Soup version 0.23.0 (webtiles) character file.

Game seed: 2490872259733428351

84 HunterAntonescu the Shield-Bearer (level 4, -2/35 HPs)
             Began as a Human Fighter on Feb 17, 2019.
             Killed by nerve-wracking pain
             ... invoked by an orc priest
              (9 damage)
             ... on level 3 of the Dungeon.
             The game lasted 00:08:19 (2121 turns).

HunterAntonescu the Shield-Bearer (Human Fighter)   Turns: 2121, Time: 00:08:20

Health: -2/35      AC: 10    Str: 15 (17) XL:     4   Next: 72%
Magic:  4/4        EV:  4    Int:  6 (9)  God:
Gold:   87         SH:  9    Dex: 12      Spells: 3/3 levels left

rFire    . . .     SeeInvis .   a - +1 long sword
rCold    . . .     Gourm    .   c - +0 shield
rNeg     . . .     Faith    .   o - +0 chain mail
rPois    .         Spirit   .   (no helmet)
rElec    .         Reflect  .   (no cloak)
rCorr    .         Harm     .   n - +0 pair of gloves
MR       .....                  (no boots)
Stlth    ..........             l - amulet of the acrobat
HPRegen  0.11/turn              (no ring)
MPRegen  0.09/turn              (no ring)

@: no status effects
A: no striking features
a: no special abilities


You were on level 3 of the Dungeon.
You were not hungry.

You visited 1 branch of the dungeon, and saw 3 of its levels.

You collected 87 gold pieces.

Inventory:

Hand Weapons
 a - a +1 long sword (weapon)
Armour
 c - a +0 shield (worn)
 n - a +0 pair of gloves (worn)
 o - a +0 chain mail (worn)
Jewellery
 l - an amulet of the acrobat (around neck)
Scrolls
 b - a scroll of random uselessness {unknown}
 g - 2 scrolls of teleportation
 h - 2 scrolls of enchant weapon
 k - 2 scrolls of identify
 m - a scroll of fear {unknown}
 p - a scroll of noise {unknown}
Potions
 d - a potion of might
 e - a potion of brilliance {unknown}
 i - 2 potions of curing
 j - a potion of flight {unknown}
 q - a potion of ambrosia {unknown}
Comestibles
 f - 5 rations


   Skills:
 + Level 3.3 Fighting
 + Level 3.4 Long Blades
 + Level 3.3 Armour
 + Level 0.4 Dodging
 + Level 3.4 Shields


You had 3 spell levels left.
You didn't know any spells.
Your spell library was empty.

Dungeon Overview and Level Annotations

Branches:
Dungeon (3/15)

Altars:
Dithmenos


Message History

You hit the orc.
You kill the orc!
You block the orc's attack.
You slash the orc!
You kill the orc!
The orc priest invokes the aid of Beogh against you.
Beogh smites you!
* * * LOW HITPOINT WARNING * * *
You are too injured to fight recklessly!
You are too injured to fight recklessly!
You are too injured to fight recklessly!
You hit the orc priest.
The orc priest is moderately wounded.
The orc priest hits you with a +0 club.
* * * LOW HITPOINT WARNING * * *
Your shield and chain mail prevent you from hitting the orc priest.
The orc priest is moderately wounded.
The orc priest calls down the wrath of Beogh upon you.
Pain shoots through your body!
You die...

##### ## ##
#... .o
.##########.#
o#
.#..........#
.#
.#.#####....#
.# .#.#
#.#..# .#
.>.#
#.#..######.#
...#
#.#......@o.#
...#
#.#.##.######
<..# #.#....#
#..# #.######
.†.# #.# #.##
#.# ..# #.#


You could see an orc priest.

Vanquished Creatures
  A howler monkey skeleton (D:2)
  3 adders
  A dart slug (D:3)
  2 orcs (D:3)
  3 bats
  4 giant cockroaches (D:1)
  7 goblins
  4 hobgoblins (D:1)
  2 frilled lizards
  9 kobolds
  5 rats
41 creatures vanquished.

Notes
Turn   | Place    | Note
-------+----------+-------------------------------------------
     0 | D:1      | HunterAntonescu the Human Fighter began the quest for the
                  | Orb.
     0 | D:1      | Reached XP level 1. HP: 18/18 MP: 1/1
   136 | D:1      | Reached XP level 2. HP: 19/24 MP: 2/2
   594 | D:1      | Reached XP level 3. HP: 19/29 MP: 3/3
   875 | D:2      | Found a shadowy altar of Dithmenos.
  1216 | D:2      | Reached XP level 4. HP: 35/35 MP: 4/4
  2121 | D:3      | Killed from afar by an orc priest

Skill      XL: |  1  2  3 |
---------------+----------+-----
Long Blades    | 3 |  3.4
Fighting       | |  3.3
Armour         | |  3.3
Dodging        | |  0.4
Shields        | |  3.4

Action                   |  1- 3 |  4- 6 || total
-------------------------+-------+-------++-------
Melee: Long sword        |    96 |    43 ||   139
  Use: Scroll            |     3 |       ||     3
       Potion            |     1 |     1 ||     2
  Eat: Ration            |     1 |     1 ||     2
Armor: Scale mail        |    32 |     8 ||    40
       Chain mail        |       |    20 ||    20
Dodge: Dodged            |    16 |    18 ||    34
Block: Shield            |    48 |    18 ||    66
       Rpst.: Long sword |     6 |     8 ||    14
